 Dungeon Crawl Stone Soup version 0.20.0-10-g0535bb4 (console) character file.

485 CALLOUS the Ducker (level 7, -2/38 HPs)
             Began as a Tengu Ice Elementalist on June 7, 2017.
             Was an Initiate of Ashenzari.
             Slain by a gnoll sergeant
             ... wielding a +0 spear
              (12 damage)
             ... in the Ecumenical Temple.
             The game lasted 01:48:40 (7848 turns).

CALLOUS the Ducker (Tengu Ice Elementalist)         Turns: 7848, Time: 01:48:41

Health: -2/38      AC:  2    Str:  9    XL:     7   Next: 13%
Magic:  0/11       EV: 15    Int: 17    God:    Ashenzari [......]
Gold:   129        SH:  0    Dex: 14    Spells: 4/10 levels left

rFire    . . .     SeeInvis .   y - +0 trident
rCold    . . .     Gourm    .   (no shield)
rNeg     . . .     Faith    .   z - +0 robe
rPois    .         Spirit   .   (helmet restricted)
rElec    .         Reflect  .   (no cloak)
rCorr    .         Harm     .   (no gloves)
MR       .....                  (boots unavailable)
Stlth    ++........             o - amulet of rage (curse)
Regen    0.2/turn               (no ring)
MPRegen  0.2/turn               (no ring)

@: very slightly contaminated
A: beak, talons 3, able to fly 1
a: Fly, Curse Item, Renounce Religion, Evoke Berserk Rage


You were in the Ecumenical Temple.
You worshipped Ashenzari.
Ashenzari was noncommittal.
You were near starving.

You visited 2 branches of the dungeon, and saw 6 of its levels.
You also visited: Sewer.

You collected 129 gold pieces.

Inventory:

Hand Weapons
 a - a +0 dagger
 d - a +0 hunting sling
 w - a +0 blowgun
 y - a +0 trident (weapon)
Missiles
 f - a stone (quivered)
 p - 32 sling bullets
 x - 14 poisoned needles
Armour
 j - a cursed +0 leather armour
 z - a +0 robe (worn)
 A - a +0 robe
Jewellery
 o - a cursed amulet of rage (around neck)
Scrolls
 e - a scroll of identify {unknown}
 g - a scroll of immolation {unknown}
 l - 2 scrolls of fog {unknown}
 n - 2 scrolls of amnesia {unknown}
 r - 2 scrolls of fear {unknown}
 v - a scroll of teleportation {unknown}
Potions
 s - a potion of magic
Books
 b - a book of Frost

   Spells                             Type                      Level
   a - Freeze                         Ice                          1
   b - Throw Frost                    Conjuration/Ice              2
   c - Ozocubu's Armour               Charms/Ice                   3
   d - Throw Icicle                   Conjuration/Ice              4
   e - Summon Ice Beast               Ice/Summoning                4
Comestibles
 c - 2 bread rations
 m - a fruit
 t - 3 royal jellies


   Skills:
 + Level 1.3 Fighting
 * Level 3.4 Armour
 * Level 5.5 Dodging
 + Level 3.6 Stealth
 - Level 2.0 Spellcasting
 * Level 3.2 Conjurations
 - Level 2.6 Ice Magic
 * Level 1.0 Evocations


You had 4 spell levels left.
You knew the following spells:

 Your Spells              Type           Power        Failure   Level  Hunger
a - Freeze                Ice            ##..         6%          1    #......
b - Throw Frost           Conj/Ice       ##....       9%          2    ###....
c - Ozocubu's Armour      Chrm/Ice       #.......     32%         3    ###....


Dungeon Overview and Level Annotations

Branches:
Dungeon (5/15)             Temple (1/1) D:5

Altars:
Ashenzari
Cheibriados
Dithmenos
Fedhas
Gozag
Kikubaaqudgha
Makhleb
Nemelex Xobeh
Okawaru
Qazlal
Ru
Sif Muna
Uskayaw
Vehumet
Yredelemnul
The Shining One

Annotations:
D:2 exclusions: adder and kobold, Natasha
D:3 exclusion: black bear, Naow's ghost, amateur DsMo
D:4 exclusion: worker ant
D:5 exclusions: leopard gecko, necrophage and scorpion


Innate Abilities, Weirdness & Mutations

You have a beak for a mouth.
You have claws for feet.
You can fly.


Message History

You float gracefully downwards.
Unknown command.
Casting: Freeze
Confirm with . or Enter, or press ? or * to list all spells.
Aiming: Freeze
Press: ? - help, Shift-Dir - straight line, f/p - gnoll sergeant
Aim: a gnoll sergeant, wielding a spear and wearing a ring mail (severely wounded)
You freeze the gnoll sergeant.
The gnoll sergeant is severely wounded.
The gnoll sergeant hits you with a spear.
* * * LOW HITPOINT WARNING * * *
Casting: Freeze
Confirm with . or Enter, or press ? or * to list all spells.
Aiming: Freeze
Press: ? - help, Shift-Dir - straight line, f/p - gnoll sergeant
Aim: a gnoll sergeant, wielding a spear and wearing a ring mail (severely wounded)
You freeze the gnoll sergeant.
The gnoll sergeant is almost dead.
The gnoll sergeant hits you with a spear!
You die...

._.......###......._.#
...........#####.....#
......._.......#.#...#
#)##......#......##≈##
...#.#......._.......#
.....#####...........#
._.......###......._.#
....#......#####.....#
......._.......###...#
####.............#####
###......._..@....#
#####......#g...#
###.......<.#
#####.....# #.....#
#######


You could see a gnoll sergeant.

Vanquished Creatures
  Prince Ribbit (D:5)
  2 orc priests
  A bullfrog skeleton (D:4)
  2 orc wizards
  5 adders
  A river rat (Sewer)
  A worm (D:3)
  A dart slug (D:1)
  4 leopard geckos
  9 orcs
  8 giant cockroaches
  7 hobgoblins
  6 kobolds
  5 quokkas
  5 bats
  14 frilled lizards
  13 goblins
  13 rats
98 creatures vanquished.

Notes
Turn   | Place    | Note
-------+----------+-------------------------------------------
     0 | D:1      | CALLOUS the Tengu Ice Elementalist began the quest for the Orb.
     0 | D:1      | Reached XP level 1. HP: 10/10 MP: 4/4
   464 | D:1      | Reached skill level 1 in Armour
   464 | D:1      | Reached XP level 2. HP: 15/15 MP: 3/6
   468 | D:1      | Learned a level 2 spell: Throw Frost
  1331 | D:1      | Reached XP level 3. HP: 19/19 MP: 7/7
  2300 | D:2      | Noticed Natasha
  2844 | D:3      | Reached skill level 3 in Dodging
  2844 | D:3      | Reached XP level 4. HP: 21/24 MP: 8/8
  3019 | D:3      | Learned a level 3 spell: Ozocubu's Armour
  3182 | D:3      | Found a glowing drain.
  3266 | Sewer    | Entered a sewer
  4294 | D:3      | Gained mutation: You can fly. [Tengu growth]
  4294 | D:3      | Reached XP level 5. HP: 18/28 MP: 0/9
  5442 | D:3      | Noticed Naow's ghost (amateur DsMo)
  5706 | D:4      | Reached skill level 4 in Dodging
  6399 | D:3      | Reached XP level 6. HP: 33/33 MP: 10/10
  6406 | D:3      | Noticed a black bear
  6466 | D:5      | Entered Level 5 of the Dungeon
  6468 | D:5      | Found a radiant altar of Vehumet.
  6567 | D:5      | Noticed a necrophage
  6799 | D:5      | Found a staircase to the Ecumenical Temple.
  6799 | D:5      | Noticed Prince Ribbit
  6835 | Temple   | Entered the Ecumenical Temple
  7000 | Temple   | Became a worshipper of Ashenzari the Shackled
  7153 | D:5      | Killed Prince Ribbit
  7153 | D:5      | Reached skill level 1 in Fighting
  7153 | D:5      | Reached skill level 5 in Dodging
  7153 | D:5      | Reached XP level 7. HP: 31/38 MP: 4/11
  7154 | D:5      | Reached skill level 1 in Evocations
  7848 | Temple   | Slain by a gnoll sergeant

Skill      XL: |  1  2  3  4  5  6  7 |
---------------+----------------------+-----
Armour         | 1 2 3 |  3.4
Conjurations   | 2 3 |  3.2
Dodging        | 3 4 5 |  5.5
Stealth        | 3 |  3.6
Fighting       | 1 |  1.3
Evocations     | 1 |  1.0
Spellcasting   | |  2.0
Ice Magic      | |  2.6

Action                   |  1- 3 |  4- 6 |  7- 9 || total
-------------------------+-------+-------+-------++-------
Melee: Unarmed           |    83 |   290 |     1 ||   374
       Kick              |    15 |    68 |     1 ||    84
       Peck              |    13 |    36 |     1 ||    50
       Trident           |       |       |     4 ||     4
 Fire: Blowgun           |       |     8 |     3 ||    11
Throw: Stone             |     3 |    10 |       ||    13
 Cast: Freeze            |    36 |    40 |    16 ||    92
       Ozocubu's Armour  |       |     4 |       ||     4
Invok: Curse Item        |       |     1 |       ||     1
 Abil: Fly               |       |     6 |     3 ||     9
       Evoke Berserk Rag |       |     1 |       ||     1
  Use: Potion            |     2 |     5 |       ||     7
 Stab: Sleeping          |     6 |     4 |       ||    10
  Eat: Chunk             |     6 |    17 |     3 ||    26
Armor: Robe              |    13 |    34 |     1 ||    48
Dodge: Dodged            |    59 |   238 |    16 ||   313
